 Dungeon Crawl Stone Soup version 0.21-a0-225-g207ae17 (webtiles) character file.

31 Goblin1989 the Changer (level 3, -2/26 HPs)
             Began as a Merfolk Transmuter on Aug 29, 2017.
             Slain by an adder (3 damage)
             ... on level 2 of the Dungeon.
             The game lasted 00:04:33 (1765 turns).

Goblin1989 the Changer (Merfolk Transmuter)         Turns: 1765, Time: 00:04:34

Health: -2/26      AC:  2    Str: 10    XL:     3   Next: 22%
Magic:  6/6        EV: 14    Int: 12    God:
Gold:   3          SH:  0    Dex: 15    Spells: 5/6 levels left

rFire    . . .     SeeInvis .     - Unarmed
rCold    . . .     Gourm    .   (no shield)
rNeg     . . .     Faith    .   b - +0 robe
rPois    .         Spirit   .   (no helmet)
rElec    .         Reflect  .   (no cloak)
rCorr    .         Harm     .   (no gloves)
MR       .....                  (no boots)
Stlth    +.........             (no amulet)
HPRegen  0.08/turn              (no ring)
MPRegen  0.10/turn              (no ring)

@: lethally poisoned (-2 -> -6)
A: change form in water, swift swim, stealthy swim
a: no special abilities


You were on level 2 of the Dungeon.
You were hungry.

You visited 1 branch of the dungeon, and saw 2 of its levels.

You collected 3 gold pieces.

Inventory:

Missiles
 a - 12 arrows
 f - 57 stones (quivered)
 j - 22 bolts
 k - 13 sling bullets
Armour
 b - a +0 robe (worn)
Scrolls
 i - 2 scrolls of immolation {unknown}
 n - a scroll of enchant weapon {unknown}
Books
 c - a book of Changes

   Spells                             Type                      Level
   a - Beastly Appendage              Transmutation                1
   b - Sticks to Snakes               Transmutation                2
   c - Spider Form                    Transmutation/Poison         3
   d - Ice Form                       Ice/Transmutation            4
   e - Blade Hands                    Transmutation                5
Comestibles
 e - a bread ration {@e1}
 l - 2 royal jellies


   Skills:
 + Level 1.5 Fighting
 + Level 3.4 Dodging
 * Level 3.5 Unarmed Combat
 - Level 2.0 Spellcasting
 + Level 3.6 Transmutations


You had 5 spell levels left.
You knew the following spells:

 Your Spells              Type           Power        Failure   Level  Hunger
a - Beastly Appendage     Tmut           #.....       6%          1    ##.....


Dungeon Overview and Level Annotations

Branches:
Dungeon (2/15)

Altars:


Message History

Unknown command.
You start resting.
Your transformation is almost over.
You see here a jackal corpse.
You butcher the jackal corpse.
o - a chunk of flesh Your horns disappear.
You start resting.
Eating a chunk of flesh.
You eat the chunk of flesh.
This raw flesh tastes terrible.
You feel a little less mighty now.
You regained 4 hp, and now have 7/26 hp.
You start resting.
You are feeling hungry.
You regained 17 hp, and now have 24/26 hp.
There is a stone staircase leading down, spattered with blood here.
You start resting.
HP restored.
Health restored: 26 You climb downwards.
The goblin barely misses you.
There is a stone staircase leading up here.
You hit the goblin.
The goblin is severely wounded.
The goblin barely misses you.
You closely miss the goblin.
The goblin is severely wounded.
The goblin misses you.
You hit the goblin but do no damage.
The goblin is severely wounded.
You closely miss the goblin.
The goblin is severely wounded.
The goblin barely misses you.
An adder comes into view.
The adder hisses angrily.
You hit the goblin.
You kill the goblin!
Things that are here:
a club; a goblin corpse You see here a runed rapier.
Casting: Beastly Appendage
Confirm with . or Enter, or press ? or * to list all spells.
You grow a pair of large bovine horns.
The adder barely misses you. The adder closely misses you.
You now have 5/6 mp.
You hit the adder but do no damage. The adder bites you but does no damage.
You barely miss the adder. The adder bites you.
You take 4 damage, and have 22/26 hp.
You closely miss the adder. The adder barely misses you.
You barely miss the adder. The adder bites you. The adder closely misses you.
You take 4 damage, and have 18/26 hp.
You miss the adder. Your headbutt misses the adder. The adder bites you.
You are poisoned.
The adder poisons you!
You take 3 damage, and have 15/26 hp.
You hit the adder.
The adder is heavily wounded.
You feel sick. The adder barely misses you.
You take 1 damage, and have 14/26 hp.
You barely miss the adder.
You headbutt the adder, but do no damage.
The adder is heavily wounded.
Your transformation is almost over.
The adder bites you.
* * * LOW HITPOINT WARNING * * *
You take 3 damage, and have 11/26 hp.
You barely miss the adder.
The adder is heavily wounded.
The adder closely misses you.
You miss the adder. Your headbutt misses the adder.
The adder is heavily wounded.
You feel sick. The adder misses you.
You take 1 damage, and have 10/26 hp.
You closely miss the adder.
The adder is heavily wounded.
The adder bites you but does no damage. The adder bites you.
* * * LOW HITPOINT WARNING * * *
You take 3 damage, and have 7/26 hp.
MP restored: 6 You miss the adder.
The adder is heavily wounded.
The adder bites you.
* * * LOW HITPOINT WARNING * * *
You take 2 damage, and have 5/26 hp.
Unknown command.
You miss the adder.
The adder is heavily wounded.
The adder bites you.
* * * LOW HITPOINT WARNING * * *
You are more poisoned.
The adder poisons you!
You take 3 damage, and have 2/26 hp.
* * * LOW HITPOINT WARNING * * *
You feel sick.
You take 1 damage, and have 1/26 hp.
The adder bites you but does no damage.
You see here a meat ration {@e2}.
* * * LOW HITPOINT WARNING * * *
You feel sick.
Your horns disappear.
The adder bites you.
You die... █. █.█ .! ████████

█.██.)....██
█..█.<.>...██.
█.█..).......
.███████....██......
.....!.@S.%....███..
██.█████████%███ █
!.█ █... █... ..██
..█


You could see an adder.

Vanquished Creatures
  3 leopard geckos (D:1)
  5 goblins
  A hobgoblin (D:1)
  4 jackals (D:1)
  2 kobolds (D:1)
  A ball python (D:1)
  4 bats (D:1)
  4 frilled lizards (D:1)
  3 rats (D:1)
27 creatures vanquished.

Notes
Turn   | Place    | Note
-------+----------+-------------------------------------------
     0 | D:1      | Goblin1989 the Merfolk Transmuter began the quest for the Orb.
     0 | D:1      | Reached XP level 1. HP: 15/15 MP: 3/3
   461 | D:1      | Reached XP level 2. HP: 14/21 MP: 5/5
   609 | D:1      | Goblin1989: !lg goblin1989 mftm -log
   609 | D:1      | beem: 7. Goblin1989, XL5 MfTm, T:2525: http://crawl.xtahua.com/crawl/morgue/Goblin1989/morgue-Goblin1989-20170829-085804.txt
  1276 | D:1      | Reached XP level 3. HP: 26/26 MP: 6/6
  1436 | D:1      | HP: 1/26 [jackal (2)]
  1761 | D:2      | HP: 1/26 [poisoned by an adder]
  1765 | D:2      | Slain by an adder

Vault maps used:
D:1:      giann_bridges
D:2:      minitemple

Skill      XL: |  1 |
---------------+----+-----
Transmutations | 3 |  3.6
Dodging        | 3 |  3.4
Fighting       | |  1.5
Unarmed Combat | |  3.5
Spellcasting   | |  2.0

Action                   || total
-------------------------++-------
Melee: Unarmed           ||    91
       Headbutt          ||     1
       Punch             ||     1
 Cast: Beastly Appendage ||     2
  Use: Potion            ||     1
 Stab: Sleeping          ||     3
  Eat: Chunk             ||     2
Armor: Robe              ||    20
Dodge: Dodged            ||    76

Table legend:
 A = Spawn XP
 B = Non-spawn XP
 C = Spawn XP percentage of total XP
 D = Spawn monster count
 E = Non-spawn monster count
 F = Spawn count percentage of total count
 G = Total turns spent on level
                    A         B        C        D         E        F      G
               +---------+---------+-------+---------+---------+-------+---------
         Total |       8 |      37 |  17.8 |       6 |      21 |  22.2 |  1765
               +---------+---------+-------+---------+---------+-------+---------
           D:1 |       8 |      35 |  18.6 |       6 |      20 |  23.1 |  1736
           D:2 |       0 |       2 |   0.0 |       0 |       1 |   0.0 |    29
               +---------+---------+-------+---------+---------+-------+---------

Vault maps used:
D:1:      giann_bridges
D:2:      minitemple
